 Dungeon Crawl Stone Soup version 0.26-a0-682-g294304f6e8 (webtiles) character file.

Game seed: 12891561081084808597

1556 Radels the Slicer (level 9, 0/54 HPs)
             Began as a Kobold Brigand on Oct 20, 2020.
             Was a Believer of Dithmenos.
             Slain by an orc warrior
             ... wielding a +0 glaive
              (11 damage)
             ... on level 6 of the Dungeon.
             The game lasted 00:20:06 (7658 turns).

Radels the Slicer (Kobold Brigand)                  Turns: 7658, Time: 00:20:07

Health: 0/54       AC:  8    Str:  9    XL:     9   Next: 12%
Magic:  9/9        EV: 18    Int: 12    God:    Dithmenos [**....]
Gold:   284        SH:  0    Dex: 19    Spells: 8/8 levels left

rFire    + . .     SeeInvis .   w - +0 dagger (venom)
rCold    . . .     Faith    .   (shield restricted)
rNeg     . . .     Spirit   .   D - +1 leather armour {rF+}
rPois    +         Reflect  .   l - +0 helmet
rElec    .         Harm     .   c - +0 cloak
rCorr    .         Rampage  .   r - +0 pair of gloves
MR       .....                  g - +0 pair of boots
Stlth    ++++++....             (no amulet)
HPRegen  0.18/turn              u - ring of poison resistance
MPRegen  0.11/turn              (no ring)

@: wreathed by umbra
A: small, nightstalker 3
a: Shadow Step, Renounce Religion


You were on level 6 of the Dungeon.
You worshipped Dithmenos.
Dithmenos was pleased with you.
You visited 2 branches of the dungeon, and saw 7 of its levels.

You collected 284 gold pieces.

Inventory:

Hand Weapons
 a - a +2 dagger
 w - a +0 dagger of venom (weapon)
 H - a +2 dagger of draining
Missiles
 d - 6 poisoned darts
 e - a curare-tipped dart
 t - 3 javelins
 B - 6 boomerangs (quivered)
 F - 3 atropa-tipped darts
Armour
 b - a +0 robe
 c - a +0 cloak (worn)
 g - a +0 pair of boots (worn)
 l - a +0 helmet (worn)
 r - a +0 pair of gloves (worn)
 D - a +1 leather armour of fire resistance (worn)
Jewellery
 u - a ring of poison resistance (left hand)
 v - a +6 ring of dexterity
 y - an uncursed amulet of the acrobat
Wands
 J - a wand of acid (9)
Scrolls
 i - 6 scrolls of remove curse {unknown}
 j - 3 scrolls of identify {unknown}
 k - 4 scrolls of teleportation {unknown}
 m - a scroll of enchant armour {unknown}
 q - 2 scrolls of enchant weapon {unknown}
 z - a scroll of fog {unknown}
 E - a scroll of magic mapping {unknown}
 K - a scroll of blinking {unknown}
Potions
 f - 2 potions of curing
 h - a potion of stabbing {unknown}
 n - 4 potions of degeneration {unknown}
 o - 3 potions of might {unknown}
 p - a potion of invisibility {unknown}
 s - 2 potions of flight {unknown}
 x - a potion of cancellation {unknown}
 A - 4 potions of heal wounds {unknown}
 C - a potion of lignification {unknown}
 G - a potion of resistance
 I - a potion of haste {unknown}


   Skills:
 + Level 5.6 Fighting
 - Level 10.0 Short Blades
 - Level 2.1 Throwing
 + Level 5.7 Dodging
 - Level 8.0 Stealth


You had 8 spell levels left.
You didn't know any spells.
Your spell library was empty.

Dungeon Overview and Level Annotations

Branches:
Dungeon (6/15)             Temple (1/1) D:4

Altars:
Ashenzari
Cheibriados
Dithmenos
Elyvilon
Fedhas
Gozag
Hepliaklqana
Kikubaaqudgha
Makhleb
Nemelex Xobeh
Okawaru
Qazlal
Ru
Sif Muna
Trog
Uskayaw
Vehumet
Wu Jian
Xom
Yredelemnul
Zin
The Shining One


Innate Abilities, Weirdness & Mutations

You are small and have problems with some larger weapons.
You are completely attuned to the shadows.


Message History

Dithmenos accepts your kill.
You see here an adder corpse.
The quokka misses you.
You hit the quokka but do no damage.
The quokka is poisoned.
The quokka bites you.
The orc warrior hits you from afar with a +0 glaive!
You hit the quokka.
The quokka looks as sick as possible!
The quokka is lightly wounded.
The quokka bites you.
You kill the quokka!
Dithmenos accepts your kill. The orc warrior barely misses you.
An orc wizard comes into view. It is wielding a +0 dagger.
You hit the orc warrior but do no damage.
The orc warrior is poisoned.
You closely miss the orc warrior.
The orc warrior hits you with a +0 glaive!!
* * * LOW HITPOINT WARNING * * *
The orc warrior hits you with a +0 glaive!
You die...

### #########.# ###
##.#..#....#####.#
#....#.....#.....####
#....#..(........#...
#....#............... #
##....#.....@......... #
#.....#...†o.......... #
#.....#....o.......... #
#####.....##...##>..###..# #####
....#.._..##...##...###..####..#.
†.........#....#....#..........#.
..........#....#....#..........#.
..........#..††#....#..........#.
..........#....#....'..........#.


You could see an orc warrior (very poisoned) and an orc wizard.

Vanquished Creatures
  Edmund (D:4)
  An orc warrior (D:4)
  3 ogres
  A centaur (D:5)
  A bullfrog (D:6)
  A wyvern skeleton (D:6)
  A scorpion (D:4)
  A howler monkey (D:4)
  2 hounds (D:4)
  5 orc wizards
  A bullfrog skeleton (D:6)
  Natasha (thrice) (D:4)
  2 iguanas
  5 worker ants
  A killer bee zombie (D:6)
  4 adders
  8 gnolls
  4 white imps (D:5)
  An ufetubus (D:5)
  2 oozes
  A worm (D:2)
  5 dart slugs
  4 leopard geckos
  28 orcs
  5 giant cockroaches
  7 goblins
  5 hobgoblins
  12 jackals
  7 kobolds
  4 quokkas
  2 ball pythons
  3 bats
  5 frilled lizards
  A leopard gecko skeleton (D:4)
  A quokka skeleton (D:4)
  3 rats
141 creatures vanquished.

Notes
Turn   | Place    | Note
-------+----------+-------------------------------------------
     0 | D:1      | Radels the Kobold Brigand began the quest for the Orb.
     0 | D:1      | Reached XP level 1. HP: 12/12 MP: 1/1
   192 | D:1      | Reached XP level 2. HP: 18/18 MP: 2/2
   225 | D:1      | Reached skill level 3 in Short Blades
   653 | D:1      | Reached XP level 3. HP: 22/22 MP: 3/3
  1782 | D:2      | Reached XP level 4. HP: 28/28 MP: 4/4
  2454 | D:3      | Reached XP level 5. HP: 32/32 MP: 5/5
  2893 | D:3      | Noticed an ogre
  2918 | D:3      | Killed an ogre
  2918 | D:3      | Reached XP level 6. HP: 37/37 MP: 6/6
  3195 | D:4      | Noticed Natasha
  3199 | D:4      | Killed Natasha
  3271 | D:4      | Found a staircase to the Ecumenical Temple.
  3294 | Temple   | Entered the Ecumenical Temple
  3640 | Temple   | Became a worshipper of Dithmenos the Shadowed
  3693 | D:4      | Noticed Natasha
  3699 | D:4      | Reached skill level 5 in Dodging
  3715 | D:4      | Killed Natasha
  3758 | D:4      | Noticed Natasha
  3767 | D:4      | Killed Natasha
  3978 | D:4      | Reached XP level 7. HP: 36/43 MP: 7/7
  4378 | D:4      | Noticed Edmund
  4399 | D:4      | Killed Edmund
  4399 | D:4      | Reached skill level 4 in Short Blades
  4517 | D:4      | Reached skill level 5 in Fighting
  4558 | D:4      | Reached * piety under Dithmenos
  4572 | D:4      | Reached skill level 5 in Short Blades
  4907 | D:4      | Reached skill level 6 in Short Blades
  4907 | D:4      | Reached XP level 8. HP: 28/49 MP: 8/8
  5597 | D:5      | Entered Level 5 of the Dungeon
  5742 | D:5      | Reached skill level 7 in Short Blades
  6327 | D:5      | Reached skill level 8 in Short Blades
  6406 | D:5      | Found a basalt altar of Yredelemnul.
  7044 | D:5      | Reached skill level 9 in Short Blades
  7059 | D:5      | Reached ** piety under Dithmenos
  7324 | D:6      | Reached skill level 10 in Short Blades
  7357 | D:6      | Found a broken altar of Ashenzari.
  7382 | D:6      | Reached XP level 9. HP: 54/54 MP: 9/9
  7658 | D:6      | Slain by an orc warrior

Illustrated notes

Levels and vault maps discovered:
D:1:      psy_arrival_dodecagon, layout_basic
D:2:      layout_loops_cross
D:3:      layout_loops_cross
D:4:      layout_loops_ring, minmay_temple_entry_antechambers,
          minmay_crystal_water, uniq_natasha, uniq_edmund
D:5:      layout_basic, yredelemnul_altar_generic, kennysheep_generic_room_15
D:6:      layout_gridville, basic_altar
Temple:   roderic_octagonal_lattice_temple

Skill      XL: |  1  2  3  4  5  6  7  8 |
---------------+-------------------------+-----
Short Blades   | 3 6 10 | 10.0
Dodging        | 2 3 5 |  5.7
Fighting       | 3 4 5 |  5.6
Stealth        | 6 8 |  8.0
Throwing       | |  2.1

Action                   |  1- 3 |  4- 6 |  7- 9 || total
-------------------------+-------+-------+-------++-------
Melee: Dagger            |    92 |   116 |   361 ||   569
Throw: Dart              |     4 |    18 |     3 ||    25
       Boomerang         |       |       |     8 ||     8
  Use: Potion            |       |       |     5 ||     5
 Stab: Sleeping          |    17 |    19 |    12 ||    48
       Distracted        |       |     1 |     1 ||     2
Armor: Robe              |     9 |    18 |    17 ||    44
       Leather armour    |       |       |    23 ||    23
Dodge: Dodged            |    46 |    77 |   290 ||   413

Table legend: (Time is in decaauts)
 A = Elapsed time spent in this place.
 B = Non-inter-level travel time spent in this place.
 C = Inter-level travel time spent in this place.
 D = Time resting spent in this place.
 E = Time spent auto-exploring this place.
 F = Levels seen in this place.
 G = Mean time per level.
                   A        B        C        D        E       F      G
               +--------+--------+--------+--------+--------+-----+--------+
         Total |   7503 |   7256 |    247 |    777 |   4951 |   7 | 1071.9 |
       Dungeon |   7140 |   6938 |    202 |    777 |   4636 |   6 | 1190.0 |
        Temple |    362 |    317 |     45 |      0 |    315 |   1 |  362.0 |
               +--------+--------+--------+--------+--------+-----+--------+

Top non-repeatable levels by time:
     D:4: 1674 daAuts
     D:5: 1418 daAuts
     D:1: 1357 daAuts
     D:3: 1330 daAuts
     D:2: 820 daAuts
     D:6: 539 daAuts
  Temple: 362 daAuts
